AoeStats
← Whololo_95

MegaRandom

508184112Analyzed
2v2 RM · 10d ago on Sep 21, 2026· 42m 40s· 4 players
Game mode
Random Map
Map size
Medium (4 player)
Population
200
Speed
Normal
Resources
Standard
Victory
Conquest
Starting age
Dark Age
Ending age
Imperial Age
RankedLock teamsTeams togetherTeam positionsShared explorationLock speedFull tech treeHidden civsTurbo modeCheats
Victory
Defeat
🇩🇪 Japanese · Germany
924
+13
🇩🇪 Portuguese · Germany
892
+14
🇳🇱 Burgundians · Netherlands
869
-15
🇩🇪 Magyars · Germany
825
-32
Kgeorg2004
11:12 Feudal Age
11:43 Horse Collar
11:51 Double-Bit Axe
11:59 Loom
16:10 Wheelbarrow
20:34 Castle Age
20:03 Gold Mining
20:07 Stone Mining
20:24 Fletching
20:34 Man-at-Arms
21:48 Scale Barding Armor
21:57 Pikeman
24:38 Corvinian Army
24:33 Long Swordsman
bvh-*****
11:07 Feudal Age
16:52 Castle Age
15:14 Double-Bit Axe
29:33 Horse Collar
34:52 Imperial Age
32:45 Heavy Plow
38:47 Imperial Age
NoHara
7:42 Loom
9:46 Feudal Age
10:44 Double-Bit Axe
11:45 Horse Collar
12:00 Horse Collar
18:52 Castle Age
17:56 Gold Mining
18:01 Stone Mining
18:29 Gold Mining
19:32 Wheelbarrow
19:53 Heavy Plow
21:44 Hand Cart
23:16 Pikeman
28:09 Scale Mail Armor
28:19 Forging
32:34 Murder Holes
33:00 Ballistics
38:20 Bow Saw
38:42 Chain Mail Armor
40:35 Iron Casting
Whololo_95
10:28 Feudal Age
11:52 Wheelbarrow
11:03 Loom
11:47 Man-at-Arms
12:24 Double-Bit Axe
12:44 Gold Mining
16:52 Scale Mail Armor
17:16 Horse Collar
22:30 Castle Age
24:46 Long Swordsman
25:12 Gambesons
31:15 Squires
32:05 Forging
37:40 Gold Shaft Mining
40:02 Stone Mining
42:21 Hand Cart
42:11 Heavy Plow
42:34 Bow Saw
Connection lost

Rejoining the realm…

Still unreachable

The connection could not be restored.

Session expired

The server has moved on; the page needs a fresh start.